 Dungeon Crawl Stone Soup version 0.24.0-124-g2791043dd8 (webtiles) character file.

Game seed: 3830615587614596581, levelgen mode: deterministic

21449 hazymike the Cleaver (level 12, -3/110 HPs)
             Began as a Minotaur Summoner on Feb 16, 2020.
             Was a Priest of the Shining One.
             Slain by a 14-headed hydra (10 damage)
             ... on level 4 of the Lair of Beasts.
             The game lasted 01:14:51 (17595 turns).

hazymike the Cleaver (Minotaur Summoner)           Turns: 17595, Time: 01:14:51

Health: -3/110     AC: 16    Str: 22    XL:     12   Next: 54%
Magic:  14/14      EV: 12    Int:  9    God:    the Shining One [***...]
Gold:   757        SH:  0    Dex: 13    Spells: 12/13 levels left

rFire    . . .     SeeInvis .   a - +5 war axe (freeze)
rCold    . . .     Gourm    .   x - +0 buckler
rNeg     + . .     Faith    .   f - +3 scale mail
rPois    .         Spirit   .   (helmet restricted)
rElec    .         Reflect  .   g - +0 cloak
rCorr    .         Harm     .   m - +0 pair of gloves
MR       +++..     Rnd*Rage +   l - +0 pair of boots
Stlth    ..........             H - necklace of Bloodlust {*Rage +Rage MR++ Int-3 Slay+6 *Curse}
HPRegen  0.28/turn              X - ring of protection from magic
MPRegen  0.14/turn              v - +6 ring of strength

@: confused, berserk cooldown, slowed, glowing, very slow
A: retaliatory headbutt, horns 2
a: Divine Shield, Renounce Religion, Evoke Berserk Rage


You were on level 4 of the Lair of Beasts.
You worshipped the Shining One.
The Shining One was most pleased with you.
You were very hungry.

You visited 3 branches of the dungeon, and saw 16 of its levels.

You collected 757 gold pieces.

Inventory:

Hand Weapons
 a - a +5 war axe of freezing (weapon)
 b - the +0 hand axe "Usisepp" {antimagic, Str+7}
   (You found it on level 6 of the Dungeon)

   It reduces the magical energy of the wielder, and disrupts the spells and
   magical abilities of those hit.
   Natural abilities and divine invocations are not affected.
   It affects your strength (+7).
Missiles
 j - 9 curare-tipped darts
 k - 23 poisoned darts (quivered)
 o - a throwing net
 q - 14 boomerangs
 y - 7 atropa-tipped darts
 E - 4 silver boomerangs
Armour
 f - a +3 scale mail (worn)
 g - a +0 cloak (worn)
 l - a +0 pair of boots (worn)
 m - a +0 pair of gloves (worn)
 s - a +2 large shield
 x - a +0 buckler (worn)
Magical Staves
 D - an uncursed staff of air
Jewellery
 t - an uncursed ring of protection from magic
 v - a +6 ring of strength (right hand)
 H - the necklace of Bloodlust (around neck) {*Rage +Rage MR++ Int-3 Slay+6 *Curse}
   (You found it on level 6 of the Dungeon)

   [amulet of rage]

   It affects your intelligence (-3).
   It affects your accuracy and damage with ranged weapons and melee attacks
   (+6).
   It affects your resistance to hostile enchantments.
   It lets you go berserk.
   It may make you go berserk in combat.
   It curses itself when equipped.
 T - an uncursed ring of fire
 X - a ring of protection from magic (left hand)
 Y - an uncursed ring of see invisible
Wands
 p - a wand of paralysis (5)
 C - a wand of scattershot (4)
 U - a wand of flame (18)
 W - a wand of iceblast (7)
Scrolls
 d - 7 scrolls of remove curse
 e - 2 scrolls of magic mapping
 h - 15 scrolls of teleportation
 i - 2 scrolls of fear {unknown}
 n - 5 scrolls of amnesia
 B - 2 scrolls of noise {unknown}
 G - a scroll of blinking {unknown}
 I - 3 scrolls of enchant armour {unknown}
 L - a scroll of brand weapon {unknown}
 N - 3 scrolls of fog
 O - a scroll of random uselessness {unknown}
 Q - 3 scrolls of identify
 R - 2 scrolls of immolation {unknown}
 S - 4 scrolls of enchant weapon {unknown}
 V - a scroll of acquirement {unknown}
Potions
 r - 2 potions of curing
 u - 2 potions of invisibility
 w - 3 potions of mutation
 z - a potion of lignification
 A - 2 potions of ambrosia
 F - 3 potions of haste
 J - a potion of magic
 K - a potion of cancellation
 M - 2 potions of flight
Comestibles
 c - 32 rations


   Skills:
 + Level 11.3 Fighting
 - Level 14.0 Axes
 + Level 11.3 Armour
 - Level 4.0 Dodging
 - Level 1.5 Stealth
 + Level 10.9 Shields
 - Level 1.3 Spellcasting
 - Level 2.9 Summonings
 - Level 4.0 Evocations


You had 12 spell levels left.
You knew the following spells:

 Your Spells              Type           Power        Failure   Level  Hunger
a - Summon Small Mammal   Summ           #...         22%         1    ##.....

Your spell library contained the following spells:

 Spells                   Type           Power        Failure   Level  Hunger
 Call Imp                 Summ           #.......     34%         2    ###....
 Call Canine Familiar     Summ           #.......     56%         3    ####...
 Beastly Appendage        Tmut           #.....       58%         1    ##.....
 Confusing Touch          Hex            #.....       58%         1    ##.....
 Flame Tongue             Conj/Fire      #....        58%         1    ##.....
 Freeze                   Ice            #...         58%         1    ##.....
 Magic Dart               Conj           #...         58%         1    ##.....
 Shock                    Conj/Air       #...         58%         1    ##.....
 Blink                    Tloc           N/A          75%         2    ###....
 Slow                     Hex            #.......     75%         2    ###....
 Sticks to Snakes         Tmut           #.......     75%         2    ###....
 Swiftness                Chrm/Air       #.......     75%         2    ###....
 Throw Flame              Conj/Fire      #.....       75%         2    ###....
 Throw Frost              Conj/Ice       #.....       75%         2    ###....
 Summon Guardian Golem    Hex/Summ       #.......     77%         3    ####...
 Confuse                  Hex            #.......     92%         3    ####...
 Conjure Flame            Conj/Fire      #.......     92%         3    ####...
 Gell's Gravitas          Tloc           #.........   92%         3    ####...
 Inner Flame              Hex/Fire       #.......     92%         3    ####...
 Mephitic Cloud           Conj/Pois/Air  #.......     92%         3    ####...
 Ozocubu's Armour         Chrm/Ice       #.......     92%         3    ####...
 Spider Form              Tmut/Pois      #.........   92%         3    ####...
 Static Discharge         Conj/Air       #.......     92%         3    ####...
 Summon Ice Beast         Ice/Summ       #.......     99%         4    #####..
 Summon Lightning Spire   Summ/Air       #.......     99%         4    #####..
 Airstrike                Air            #.........   100%        4    #####..
 Ice Form                 Ice/Tmut       #.......     100%        4    #####..
 Petrify                  Tmut/Erth      #.......     100%        4    #####..
 Sticky Flame             Conj/Fire      #.......     100%        4    #####..
 Throw Icicle             Conj/Ice       #.......     100%        4    #####..
 Blade Hands              Tmut           #.........   100%        5    ######.
 Fireball                 Conj/Fire      #.........   100%        5    ######.
 Lightning Bolt           Conj/Air       #.........   100%        5    ######.
 Metabolic Englaciation   Hex/Ice        #.........   100%        5    ######.
 Yara's Violent Unravell  Hex/Tmut       #.........   100%        5    ######.
 Bolt of Cold             Conj/Ice       #.........   100%        6    #######
 Freezing Cloud           Conj/Ice/Air   #.........   100%        6    #######
 Ozocubu's Refrigeration  Ice            #.........   100%        6    #######
 Simulacrum               Ice/Necr       #.........   100%        6    #######
 Ignition                 Fire           #.........   100%        8    #######
 Shatter                  Erth           #.........   100%        9    #######
 Tornado                  Air            #.........   100%        9    #######


Dungeon Overview and Level Annotations

Branches:
Dungeon (11/15)            Temple (1/1) D:7            Lair (4/6) D:9
  Swamp (0/4) Lair:3          Orc (0/2) D:9
  Snake: Lair:2-4    Spider: Lair:2-4

Altars:
Ashenzari
Cheibriados
Dithmenos
Fedhas
Hepliaklqana
Kikubaaqudgha
Makhleb
Nemelex Xobeh
Okawaru
Qazlal
Ru
Trog
Uskayaw
Wu Jian
Yredelemnul
Zin
The Shining One

Shops:
D:10 }

Portals:
Trove: D:11 (give horn of Geryon)

Annotations:
D:3 1 runed translucent door, exclusion: door, Crazy Yiuf
D:7 1 runed translucent door, DevastatorOne's ghost, novice MiSu
D:9 exclusion: oklob plant
Lair:2 exclusion: 2 oklob plants
Lair:4 Sonja


Innate Abilities, Weirdness & Mutations

You reflexively headbutt those who attack you in melee.
You have a pair of horns on your head.


Message History

* * * LOW HITPOINT WARNING * * *
The 14-headed hydra bites you but does no damage. x2
The 14-headed hydra barely misses you. The 14-headed hydra misses you.
The 14-headed hydra bites you.
* * * LOW HITPOINT WARNING * * *
The 14-headed hydra barely misses you. You block the 14-headed hydra's attack.
The 14-headed hydra bites you but does no damage.
You are confused.
You feel invigorated.
The 14-headed hydra bites you but does no damage.
The 14-headed hydra bites you.
* * * LOW HITPOINT WARNING * * *
The 14-headed hydra bites you but does no damage. x3
The 14-headed hydra completely misses you.
The 14-headed hydra barely misses you. x2; The 14-headed hydra bites you!
* * * LOW HITPOINT WARNING * * *
The 14-headed hydra barely misses you. The 14-headed hydra misses you.
The 14-headed hydra bites you but does no damage.
The 14-headed hydra bites you!
You die...

#....)........#
#P.............#
########.####..#
###.# #..##
..#####...###
#..###.##...#
#.......#†..#
#.......(.(.#
.......@.(.##
......(D...#
.$.(.......#
...........#
...........#
..........##
.........##
......####


You could see a 14-headed hydra.

Vanquished Creatures
  A vault guard (D:11)
  Erica (D:8)
  An unseen horror (D:10)
  A manticore (D:11)
  An ugly thing (D:11)
  A centaur zombie (D:11)
  A black mamba (Lair:3)
  Maurice (D:8)
  A torpor snail (Lair:3)
  5 spiny frogs
  A rime drake (Lair:3)
  2 komodo dragons
  2 trolls
  2 bog bodies (Lair:3)
  3 blink frogs (Lair:3)
  11 hippogriffs
  Sigmund (D:3)
  5 basilisks
  4 wyverns
  19 yaks
  Grum (D:8)
  Menkaure (D:6)
  9 porcupines
  8 water moccasins
  An orc warrior (D:9)
  A hornet zombie (D:9)
  2 sky beasts
  2 ice beasts (D:6)
  A black bear (Lair:1)
  A necrophage (D:11)
  4 ogres
  4 wolves (D:8)
  A centaur (D:8)
  11 crocodiles
  2 big kobolds (D:8)
  6 bullfrogs
  4 scorpions
  17 killer bees
  3 howler monkeys
  7 wights (D:10)
  4 crimson imps
  3 bullfrog zombies
  2 quasits
  5 jellies
  6 orc priests
  3 hounds
  11 orc wizards
  2 centaur skeletons
  Jessica (D:3)
  6 iguanas
  Natasha (thrice) (D:3)
  8 worker ants
  A worker ant zombie (D:11)
  11 gnolls
  2 howler monkey skeletons
  13 adders
  2 shadow imps
  6 oozes
  An adder skeleton (D:4)
  An adder zombie (D:9)
  5 dart slugs
  5 leopard geckos
  37 orcs
  3 giant cockroaches
  10 goblins
  6 hobgoblins
  10 jackals
  19 kobolds
  3 quokkas
  4 ball pythons
  8 bats
  5 frilled lizards
  A jackal zombie (D:5)
  10 rats
  A spectral orc (D:9)
  2 fungi (Lair:3)
370 creatures vanquished.

Vanquished Creatures (others)
  A bat (D:3)
  A fungus (Lair:4)
  2 plants (D:9)
  A withered plant (D:7)
5 creatures vanquished.

Grand Total: 375 creatures vanquished

Notes
Turn   | Place    | Note
-------+----------+-------------------------------------------
     0 | D:1      | hazymike the Minotaur Summoner began the quest for the Orb.
     0 | D:1      | Reached XP level 1. HP: 14/14 MP: 1/1
   153 | D:1      | Reached skill level 1 in Fighting
   153 | D:1      | Reached skill level 1 in Armour
   160 | D:1      | Reached XP level 2. HP: 20/23 MP: 3/3
   584 | D:1      | Reached skill level 1 in Axes
   592 | D:1      | HP: 1/23 [hobgoblin/+0 club (7)]
  1101 | D:1      | Reached XP level 3. HP: 25/28 MP: 4/4
  1490 | D:2      | Found an ornate altar of the Wu Jian Council.
  1652 | D:2      | You fall into a shaft and drop 2 floors!
  1694 | D:4      | Found a hide-covered altar of Uskayaw.
  1695 | D:4      | Found an iron altar of Okawaru.
  1720 | D:3      | Noticed Jessica
  1737 | D:3      | Reached skill level 2 in Axes
  1739 | D:3      | Killed Jessica
  1739 | D:3      | Reached XP level 4. HP: 18/36 MP: 5/5
  2897 | D:2      | Reached skill level 3 in Axes
  2972 | D:2      | Found an ornate altar of the Wu Jian Council.
  3852 | D:2      | Found an ornate altar of the Wu Jian Council.
  4073 | D:3      | Reached XP level 5. HP: 40/42 MP: 6/6
  4195 | D:3      | Noticed Natasha
  4200 | D:3      | Killed Natasha
  4247 | D:3      | Noticed Natasha
  4258 | D:3      | Killed Natasha
  4607 | D:3      | Noticed Sigmund
  4633 | D:3      | Killed Sigmund
  4633 | D:3      | Reached skill level 4 in Axes
  4633 | D:3      | Reached skill level 1 in Shields
  4633 | D:3      | Reached XP level 6. HP: 32/51 MP: 7/7
  4852 | D:3      | You fall into a shaft and drop 2 floors!
  4852 | D:5      | Entered Level 5 of the Dungeon
  5223 | D:3      | Reached skill level 5 in Axes
  5309 | D:3      | Found a runed translucent door.
  5310 | D:3      | Noticed Crazy Yiuf
  5562 | D:3      | Noticed Natasha
  5568 | D:3      | Killed Natasha
  5568 | D:3      | Reached XP level 7. HP: 58/58 MP: 8/8
  6379 | D:4      | Found a shadowy altar of Dithmenos.
  6649 | D:4      | Reached skill level 6 in Axes
  7145 | D:5      | Reached XP level 8. HP: 57/67 MP: 9/9
  7774 | D:5      | Reached skill level 5 in Fighting
  7774 | D:5      | Reached skill level 7 in Axes
  7849 | D:6      | Found the cursed necklace of Bloodlust {*Rage +Rage MR++
                  | Int-3 Slay+6 *Curse}
  7896 | D:6      | Reached skill level 5 in Armour
  8313 | D:6      | Reached skill level 1 in Evocations
  8322 | D:6      | Reached skill level 8 in Axes
  8484 | D:6      | Noticed Menkaure
  8815 | D:6      | Killed Menkaure
  8815 | D:6      | Reached skill level 5 in Shields
  8815 | D:6      | Reached XP level 9. HP: 27/75 MP: 10/10
  9023 | D:6      | Got a brightly glowing hand axe
  9024 | D:6      | Identified the cursed +0 hand axe "Usisepp" {antimagic,
                  | Str+7} (You found it on level 6 of the Dungeon)
  9370 | D:7      | Found a staircase to the Ecumenical Temple.
  9381 | Temple   | Entered the Ecumenical Temple
  9429 | Temple   | Became a worshipper of the Shining One
  9755 | D:7      | Reached skill level 9 in Axes
  9997 | D:7      | Found a runed translucent door.
 10013 | D:7      | Noticed DevastatorOne's ghost (novice MiSu)
 10110 | D:8      | Noticed Erica
 10201 | D:8      | Killed Erica
 10201 | D:8      | Reached skill level 10 in Axes
 10316 | D:8      | Reached XP level 10. HP: 85/86 MP: 11/11
 10323 | D:8      | Found a hazy altar of Hepliaklqana.
 10418 | D:8      | Noticed Maurice
 10460 | D:8      | Killed Maurice
 10580 | D:8      | Reached * piety under the Shining One
 10582 | D:8      | Noticed Grum
 10591 | D:8      | Killed Grum
 11021 | D:9      | Found a blossoming altar of Fedhas.
 11049 | D:9      | Noticed an oklob plant
 11128 | D:9      | Found an ancient bone altar of Kikubaaqudgha.
 11171 | D:9      | Found a staircase to the Orcish Mines.
 11221 | D:9      | Reached skill level 11 in Axes
 11362 | D:9      | Found a staircase to the Lair.
 11430 | D:9      | Found a shadowy altar of Dithmenos.
 11623 | D:9      | Found a basalt altar of Yredelemnul.
 12321 | D:10     | Entered Level 10 of the Dungeon
 12322 | D:10     | Noticed an unseen horror
 12326 | D:10     | Killed an unseen horror
 12392 | D:10     | Reached XP level 11. HP: 95/95 MP: 13/13
 12478 | D:10     | Found Lirim's Gadget Emporium.
 12589 | D:10     | Reached ** piety under the Shining One
 12589 | D:10     | Reached skill level 12 in Axes
 13652 | D:11     | Noticed a green ugly thing
 13659 | D:11     | Killed a green ugly thing
 13733 | D:11     | Reached *** piety under the Shining One
 13904 | D:11     | Noticed a vault guard
 13912 | D:11     | Killed a vault guard
 13912 | D:11     | Reached skill level 13 in Axes
 13942 | D:11     | Found a portal to a secret trove of treasure.
 14040 | Lair:1   | Entered Level 1 of the Lair of Beasts
 14921 | Lair:2   | Reached skill level 10 in Fighting
 14921 | Lair:2   | Reached skill level 10 in Armour
 15127 | Lair:2   | Reached XP level 12. HP: 102/106 MP: 14/14
 15603 | Lair:2   | Reached skill level 14 in Axes
 16073 | Lair:3   | Reached skill level 10 in Shields
 16173 | Lair:3   | Found a staircase to the Swamp.
 17139 | Lair:4   | Noticed Sonja
 17157 | Lair:4   | HP: 4/110 [asphyx]
 17159 | Lair:4   | HP: 1/110 [asphyx]
 17159 | Lair:4   | The Shining One protects you from harm!
 17581 | Lair:4   | Noticed a six-headed hydra
 17595 | Lair:4   | Slain by a 14-headed hydra

Levels and vault maps discovered:
D:1:      dpeg_arrival_arbitrary_a, layout_basic
D:2:      layout_basic, nicolae_overflow_crystal_walls
D:3:      layout_basic, grunt_ministairs_3, uniq_sigmund, uniq_natasha,
          uniq_crazy_yiuf_cottage, uniq_jessica
D:4:      layout_basic, chequers_temple_overflow_statue_of_worship,
          first_ration, portal_sewer_entry_d, minivault_14
D:5:      layout_loops_ring, eino_curves_04
D:6:      layout_basic, uniq_menkaure
D:7:      layout_gridville, minmay_temple_entry_drinking_statues,
          gammafunk_ghost_grave
D:8:      layout_loops_ring, lemuel_crystal_altar, uniq_grum, uniq_maurice,
          uniq_erica
D:9:      layout_stronghold, tgw_fedhas, yredelemnul_forgotten_temple_becter,
          minmay_lair_entry_grove, orc_0_dummy, hangedman_little_slice_of_home,
          hangedman_feature_mirror, minmay_statues_item
D:10:     layout_irregular_city, serial_shops, shop
D:11:     layout_roguey, enter_trove_5
Temple:   regret_index_temple_waves
Lair:1:   layout_concentric_octagons
Lair:2:   wander_river, layout_layer_cave, infiniplex_staircase_pool_2,
          minmay_lair_oklob_chamber
Lair:3:   layout_chaotic_city, skrybe_swamp_entry_bodies, grunt_megastairs_4
Lair:4:   layout_cave_pods, minmay_snake_entry_six_corridors, basic_altar,
          serial_bayou_shore_b, lemuel_fruit_tree, uniq_sonja

Skill      XL: |  1  2  3  4  5  6  7  8  9 10 11 12 |
---------------+-------------------------------------+-----
Fighting       | 1 2 3 4 5 7 8 10 11 | 11.3
Armour         | 1 2 3 4 5 7 8 10 11 | 11.3
Axes           | 1 2 3 4 5 6 8 10 11 13 14 | 14.0
Dodging        | 3 4 |  4.0
Shields        | 1 2 3 5 6 8 9 10 | 10.9
Evocations     | 1 3 4 |  4.0
Stealth        | |  1.5
Spellcasting   | |  1.3
Summonings     | |  2.9

Action                   |  1- 3 |  4- 6 |  7- 9 | 10-12 || total
-------------------------+-------+-------+-------+-------++-------
Melee: Unarmed           |    16 |       |       |       ||    16
       Headbutt          |    10 |    15 |    67 |    77 ||   169
       Hand axe          |    78 |   139 |   266 |    23 ||   506
       Dagger            |       |       |     8 |       ||     8
       War axe           |       |       |    24 |   366 ||   390
Throw: Dart              |     5 |    56 |    99 |   174 ||   334
       Boomerang         |       |       |    11 |       ||    11
 Abil: Evoke Berserk Rag |       |       |     1 |     2 ||     3
Evoke: Wand              |       |       |       |     1 ||     1
  Use: Scroll            |       |       |    15 |     3 ||    18
       Potion            |       |       |       |     4 ||     4
 Stab: Sleeping          |     2 |       |       |       ||     2
  Eat: Chunk             |     2 |     9 |    13 |    24 ||    48
       Ration            |       |     1 |     1 |       ||     2
Armor: Robe              |     5 |       |       |       ||     5
       Ring mail         |    19 |    48 |       |       ||    67
       Plate armour      |       |       |   117 |       ||   117
       Scale mail        |       |       |    18 |   117 ||   135
Dodge: Dodged            |    59 |    85 |   109 |   128 ||   381
Block: Buckler           |       |       |    50 |    83 ||   133
